AoeStats
← KootH.

African Clearing

506502698Analyzed
4v4 RM · 19d ago on Sep 13, 2026· 51m 37s· 8 players
Game mode
Random Map
Map size
Large (8 player)
Population
200
Speed
Normal
Resources
Standard
Victory
Conquest
Starting age
Dark Age
Ending age
Imperial Age
RankedLock teamsTeams togetherTeam positionsShared explorationLock speedFull tech treeHidden civsTurbo modeCheats
Victory
Defeat
🇦🇷 Franks · Argentina
1676
+7
🇦🇷 Bulgarians · Argentina
1562
+10
🇲🇽 Persians · Mexico
1533
+12
🇦🇷 Romans · Argentina
1421
+15
🇧🇷 Celts · Brazil
1442
-11
🇨🇴 Dravidians · Colombia
1437
-11
🇲🇽 Hindustanis · Mexico
1433
-11
🇨🇦 Bohemians · Canada
1431
-11
GuguBot
13:39 Feudal Age
17:13 Castle Age
17:03 Loom
19:58 Scale Mail Armor
19:46 Pikeman
26:20 Gambesons
30:43 Chain Mail Armor
30:23 Fishing Lines
32:34 Forging
33:10 Double-Bit Axe
33:45 Gillnets
36:32 Iron Casting
39:42 Imperial Age
37:34 Fletching
37:34 Arson
38:20 Bodkin Arrow
39:07 Gold Mining
40:53 Conscription
42:01 Hoardings
40:48 Elite Woad Raider
43:56 Plate Mail Armor
44:27 Blast Furnace
45:21 Ballistics
47:00 Halberdier
HilkZ
4:02 Loom
14:35 Feudal Age
20:20 Castle Age
18:37 Double-Bit Axe
18:34 Horse Collar
21:20 Bow Saw
22:03 Wheelbarrow
21:30 Padded Archer Armor
23:02 Chemistry
27:31 Leather Archer Armor
31:25 Heavy Plow
33:25 Ballistics
36:55 Hand Cart
36:26 Town Watch
39:50 Imperial Age
41:56 Ring Archer Armor
42:47 Conscription
44:17 Wagenburg Tactics
45:07 Pikeman
45:47 Squires
45:48 Scale Mail Armor
46:07 Halberdier
46:34 Arson
47:04 Chain Mail Armor
47:00 Forging
48:57 Plate Mail Armor
49:03 Iron Casting
KootH.
13:29 Feudal Age
12:50 Loom
18:52 Castle Age
17:19 Double-Bit Axe
17:56 Stone Mining
19:42 Pikeman
25:46 Horse Collar
28:17 Wheelbarrow
30:03 Fletching
35:43 Imperial Age
35:23 Bodkin Arrow
35:29 Padded Archer Armor
OzoneMX2022
5:46 Loom
13:37 Feudal Age
14:49 Double-Bit Axe
17:40 Castle Age
18:57 Bow Saw
21:06 Husbandry
21:19 Forging
22:56 Scale Barding Armor
23:05 Bloodlines
23:58 Town Watch
26:55 Wheelbarrow
26:01 Horse Collar
26:14 Gold Mining
27:54 Gold Shaft Mining
30:43 Chain Barding Armor
30:08 Elite Skirmisher
33:05 Fletching
37:38 Hand Cart
41:29 Imperial Age
39:19 Bodkin Arrow
41:40 Iron Casting
41:44 Heavy Camel Rider
43:00 Plate Barding Armor
45:42 Bracer
47:36 Chemistry
46:59 Ballistics
47:02 Padded Archer Armor
48:44 Chemistry
49:06 Crossbowman
Ds3.Flanco Manco
10:43 Loom
14:08 Feudal Age
14:57 Town Watch
18:31 Castle Age
17:38 Double-Bit Axe
18:18 Scale Barding Armor
24:25 Fletching
26:18 Scale Mail Armor
31:05 #83
36:23 Wheelbarrow
37:21 Forging
37:29 Stone Mining
37:29 Gold Mining
40:41 Hand Cart
45:49 Imperial Age
44:46 Chain Mail Armor
45:51 Elite Throwing Axeman
46:52 Conscription
47:37 Iron Casting
48:26 Plate Mail Armor
48:57 Blast Furnace
47:59 Squires
47:44 Arson
49:05 Hoardings
48:42 Bodkin Arrow
49:09 Capped Ram
Ds3.lauritopp
8:11 Loom
9:42 Loom
13:16 Feudal Age
14:02 Double-Bit Axe
18:26 Castle Age
16:17 Stone Mining
17:34 Bloodlines
17:30 Scale Barding Armor
20:03 Horse Collar
25:43 Chain Barding Armor
26:38 Town Watch
28:23 Wheelbarrow
28:00 Forging
30:03 Iron Casting
33:03 Bow Saw
34:23 Hand Cart
39:12 Imperial Age
36:57 Husbandry
37:10 Stirrups
37:22 Gold Mining
37:38 Heavy Plow
39:49 Elite Konnik
42:06 Plate Barding Armor
42:45 Blast Furnace
44:02 Conscription
46:45 Gold Shaft Mining
46:46 Stone Shaft Mining
46:42 Crop Rotation
47:05 Town Patrol
48:14 Chemistry
48:41 Bagains
48:58 Scale Mail Armor
48:49 Fletching
49:21 Ballistics
49:12 Masonry
49:08 Siege Engineers
CORP_RELP77
9:09 Loom
12:07 Feudal Age
12:31 Double-Bit Axe
15:33 Horse Collar
21:12 Castle Age
32:43 Bow Saw
34:11 Ballistics
33:46 Elite Skirmisher
34:17 Fletching
34:28 Padded Archer Armor
36:30 Wheelbarrow
35:40 Town Watch
37:13 Scale Barding Armor
38:17 Bodkin Arrow
39:00 Gold Mining
42:26 Imperial Age
40:00 Husbandry
40:40 Scale Barding Armor
40:46 Forging
41:10 Hand Cart
40:41 Town Watch
41:49 Chain Barding Armor
42:05 Iron Casting
42:11 Bloodlines
42:15 Cavalier
43:37 Plate Barding Armor
44:58 Two-Man Saw
44:36 Gold Shaft Mining
43:52 Stone Mining
43:58 Savar
45:20 Conscription
46:55 Blast Furnace
46:10 Light Cavalry
47:53 Leather Archer Armor
47:07 Hussar
50:09 Thumb Ring
49:25 Crossbowman
50:08 Kamandaran
50:52 Ring Archer Armor
51:36 Chemistry
Nasper
5:26 Loom
14:22 Feudal Age
15:44 Double-Bit Axe
19:03 Castle Age
16:48 Horse Collar
19:14 Scale Barding Armor
19:20 Forging
19:04 Gold Mining
19:46 Bloodlines
20:50 Heavy Plow
21:14 Bow Saw
23:16 Chain Barding Armor
26:35 Heavy Plow
26:52 Pikeman
27:33 Squires
29:09 Scale Mail Armor
30:32 Chain Mail Armor
31:25 Husbandry
34:10 Wheelbarrow
37:54 Hand Cart
41:13 Imperial Age
42:45 Plate Barding Armor
42:32 Conscription
42:24 Halberdier
45:00 Iron Casting
45:23 Comitatenses
47:25 Elite Centurion
Connection lost

Rejoining the realm…

Still unreachable

The connection could not be restored.

Session expired

The server has moved on; the page needs a fresh start.